woodfighter, chaotic female orcish Cavewoman ----- |...| --- |...--- ---- ---- ----.-- --- --....| |..--- |..--- |.....| --.-----|....| ---....|--- ---....-- ----.....--- |....--.|.-..--- --......--... -----|.......| --.|........---..............-- |..........-- |...--.--...-- |.............%---....).))....| -- --.|...|....---- |.......--.-- --............-- |....---.....| |.` -------.|.....| --....^..|.-- |.............|--....| --.)%.----.- ..|.....----..........| .--......)..-|....--- --.|......| ---- --------.-----......@......--.-- --.......-||...------ -----...-- |..----.|.-|... ---....W....------ |........--...---..-- ---.<.-----....|.....|.- |-.....---- --........>....|....| --...........[..........-- --....^-- |.........--.......| |.....-----..........--..-------......-- ---......----......| |....-- |..............................| |......| |....--- --...| --.........------------...---.-- ---..--- --..-- ----- --.-------- ----- --- ---- ---- --- woodfighter the Young Cave Woman Experience level: 8 Strength: 18/02 Dexterity: 13 Constitution: 18 Intelligence: 9 Wisdom: 9 Charisma: 7 Health: 0(73) Energy: 23(23) Def: 11 Gold: 195 Moves: 4489 Dungeon seed: FD6Y0E29PPQsFCcU Game ID: woodfighter_1477313580 Your Inventory: Coins $ - 195 gold pieces Weapons a - a blessed +0 dwarvish spear (weapon in hand) b - a +2 sling (alternate weapon; not wielded) Armor l - an uncursed +0 dwarvish cloak m - an uncursed +0 dwarvish cloak n - an uncursed +0 dwarvish cloak q - an uncursed +0 dwarvish mithril-coat (being worn) r - an uncursed +1 pair of water walking boots (being worn) u - an uncursed +0 mummy wrapping v - an uncursed +1 mummy wrapping w - an uncursed +0 dwarvish iron helm (being worn) z - an uncursed +0 dwarvish cloak E - an uncursed +0 dwarvish cloak H - an uncursed +0 dwarvish cloak L - an uncursed +0 dwarvish cloak N - an uncursed +0 dwarvish cloak Y - an uncursed +1 dwarvish cloak (being worn) Comestibles c - an uncursed eucalyptus leaf g - 5 uncursed food rations i - an uncursed pear j - an uncursed sprig of wolfsbane D - an uncursed orange Scrolls B - an uncursed scroll of genocide I - an uncursed scroll of punishment J - an uncursed scroll of remove curse Spellbooks h - an uncursed spellbook of sleep x - an uncursed spellbook of teleport away Potions M - an uncursed potion of gain ability Rings C - an uncursed ring of fire resistance Wands o - a wand of slow monster (0:5) A - a wand of teleportation (0:6) Tools d - 3 uncursed tallow candles (0:200) f - an uncursed magic whistle y - an uncursed skeleton key F - a blessed tallow candle (0:200) G - a +0 pick-axe T - an uncursed magic lamp (lit) X - an uncursed blindfold Gems e - 10 uncursed flints (in quiver) Spells and supernatural/magical abilities: Name Level Category Fail Memory W - pray for help -- divine ? -- Your skills at the end: Miscellaneous Skills bare handed combat [Basic] Weapon Skills scimitar [Basic] club [Basic] spear [Basic] sling [Basic] Spellcasting Skills Final Attributes: You were piously aligned. You were poison resistant. You had infravision. You were somewhat stealthy. You could walk on water. You were fast. You are dead. Vanquished creatures: a freezing sphere a large cat a tiger an ettin zombie 2 gnome kings 2 orc mummies a housecat a dwarf lord a rock piercer a pony a fog cloud a violet fungus 16 gnome lords 4 gnomish wizards a golden naga hatchling 3 elf zombies a ghoul a paper golem a floating eye a kitten 18 dwarves a kobold lord a kobold shaman a hill orc a rothe a dwarf zombie a coyote 4 hobbits a gecko 5 cave spiders a red mold 51 gnomes 5 garter snakes a gnome zombie a jackal 2 kobolds a newt 6 sewer rats 4 grid bugs 3 lichens a kobold zombie 152 creatures vanquished. Voluntary challenges: You did not cause conflict. You were not invisible. You did not have reflection. You were not displaced. You had been an atheist until turn 2997. You used a wielded weapon 249 times, starting on turn 36. You did not apply a unicorn horn. You did not use plumbed fixtures. You did not drink any magical draughts. You were illiterate. You never genocided any monsters. You never polymorphed an object. You never changed form. You used no wishes. You never split a pudding. You never wrote Elbereth's name. You never violated your personal moral code. Dungeon overview: The Dungeons of Doom: levels 1 to 3 Level 1 a sink a long staircase Level 2 a general store, some fountains stairs to The Gnomish Mines Level 3 (w) The Gnomish Mines: levels 3 to 11 Level 3 (leprechaun) stairs to The Dungeons of Doom Level 4 ( ) Level 5 Level 6 many shops, a temple to Anshar, a magic chest, some fountains, some trees Level 7 Level 8 <- You were here Level 9 Level 10 Level 11 History has recorded: On T:1 you entered the Dungeons of Doom to retrieve the Amulet of Yendor! On T:302 you reached level 2 of The Dungeons of Doom. On T:450 you reached level 3 of The Dungeons of Doom. On T:484 you reached level 1 of The Gnomish Mines. On T:645 you advanced to experience level 2. On T:979 you advanced to experience level 3. On T:1006 you advanced to experience level 4. On T:1102 you advanced to experience level 5. On T:1118 you reached level 2 of The Gnomish Mines. On T:1754 you reached level 3 of The Gnomish Mines. On T:1761 you advanced to experience level 6. On T:2618 you reached level 4 of The Gnomish Mines. On T:2815 you advanced to experience level 7. On T:2983 you entered the Minetown temple On T:3003 you opened a magic chest. On T:3388 you reached level 5 of The Gnomish Mines. On T:3566 you reached level 6 of The Gnomish Mines. On T:3924 you reached level 9 of The Gnomish Mines. On T:3924 you reached the bottom of the Mines. On T:4068 you prayed to Anshar. On T:4073 you reached level 8 of The Gnomish Mines. On T:4114 you reached level 7 of The Gnomish Mines. On T:4120 you advanced to experience level 8. On T:4489 you prayed to Anshar. Score breakdown: Gold: 195 ( 19 points) Experience: 8 levels ( 700 points) Exploration: 11 levels ( 300 points) Discoveries: 25 items ( 1250 points) Variety of kills: 41 monsters ( 2000 points) Major goal: reached Mine's End ( 1000 points) Survival: died (score multiplied by 3) Total score: 15807 Latest messages: L - a dwarvish cloak. $ - 26 gold pieces. There are several more objects here. M - a ruby potion. You stop exploring. You fall into a pit! You are still in a pit. You crawl to the edge of the pit. You stop exploring. The barrow wight casts a spell! The barrow wight is suddenly moving faster. The barrow wight falls into a pit! The barrow wight zaps an ebony wand! The bolt of cold hits you! The bolt of cold bounces! The bolt of cold hits you! You jab the barrow wight! The barrow wight zaps a wand of cold! The bolt of cold whizzes by you! The bolt of cold bounces! The bolt of cold hits you! The bolt of cold hits the barrow wight. You begin praying to Anshar. The barrow wight zaps a wand of cold! The bolt of cold hits you! You die... Final status: Goodbye woodfighter the Cavewoman, killed by a bolt of cold, while praying... You died in The Gnomish Mines on dungeon level 8 with 15807 points, and 195 pieces of gold, after 4489 moves. You were level 8 with a maximum of 73 hit points when you died.